[Event "Irish International Open 2019"]
[Site "Dublin"]
[Date "2019.04.20"]
[Round "6.20"]
[White "Fox, Anthony"]
[Black "Murphy, Sean"]
[Result "1-0"]
[ECO "B26"]
[WhiteElo "2031"]
[BlackElo "1976"]
[Annotator "NA"]
[PlyCount "83"]
[EventDate "2019.02.28"]
[EventType "swiss"]
[EventCountry "IRL"]
[SourceTitle "playchess.com"]
[Source "ChessBase"]
[SourceQuality "1"]
[TimeControl "5400+30"]

1. e4 c5 2. Nc3 d6 3. g3 g6 4. Bg2 Bg7 5. d3 Nc6 6. Be3 Nf6 7. h3 a6 8. Nge2 {[%emt 0:00:56] B26: Closed Sicilian: 3 g3, lines with early Be3} Qc7 (8... O-O 9. O-O Rb8 10. Qd2 b5 11. f4 Nd7 12. g4 {0-1 (46) Grischuk,A (2779)-Le,Q (2712) Khanty-Mansiysk 2013}) 9. O-O Bd7 10. Qd2 h6 $146 ({Predecessor:} 10... O-O 11. g4 e6 12. f4 Rfe8 13. g5 Nh5 14. Bf3 Nd4 15. Bxh5 gxh5 {1-0 (75) Oh,B (1838)-Tamang,D (1529) Hong Kong 2016}) 11. a3 e6 12. Rab1 Rb8 13. b4 cxb4 14. axb4 b5 15. d4 g5 16. f4 g4 17. e5 gxh3 18. Bxh3 Nd5 19. Ne4 dxe5 20. fxe5 Bf8 21. c3 Bc8 22. Nf4 Be7 23. Bg2 h5 24. Qf2 Nxe3 25. Qxe3 Bb7 26. Nd3 Nd8 27. Ndc5 Bxe4 28. Nxe4 Rc8 29. Ra1 h4 30. g4 Qb6 31. Rf2 Nc6 32. Qf3 Rf8 33. g5 Kd7 34. Qf4 Kc7 35. Rfa2 Nb8 36. Kh2 Kd7 37. Bh3 Qd8 38. Rd1 Rg8 39. Rg2 (39. d5 $142) 39... Rc4 40. Qxf7 (40. Qf5 $4 f6 41. Qxf6 Qf8 42. Qf7 Kc7 $4 (42... Qxf7 $19 43. Rf2 Qg6)) (40. d5 $18 Qf8 41. dxe6+ Kc7 42. exf7) 40... Qf8 41. Bxe6+ Kc7 42. Bxc4 1-0

[Event "Irish International Open 2019"]
[Site "Dublin"]
[Date "2019.04.20"]
[Round "6.21"]
[White "Murphy, Sean"]
[Black "Lundback, Anders"]
[Result "0-1"]
[ECO "D00"]
[WhiteElo "1976"]
[BlackElo "1806"]
[Annotator "NA RC"]
[PlyCount "88"]
[EventDate "2019.02.28"]
[EventType "swiss"]
[EventCountry "IRL"]
[SourceTitle "playchess.com"]
[Source "ChessBase"]
[SourceQuality "1"]
[TimeControl "5400+30"]

1. d4 Nf6 2. Nc3 d5 3. Bf4 Bf5 (3... e6 4. Nb5 Na6 5. e3 Be7 6. Nf3 O-O 7. Bd3 c6 8. Nc3 Nb4 9. h3 Nxd3+ 10. cxd3 b6 11. O-O Bb7 {0-1 (40) Rapport,R (2731)-Giri,A (2783) Wijk aan Zee 2019}) 4. f3 e6 5. g4 Bg6 6. h4 {[%emt 0:00:30] D00: 1 d4 d5: Unusual lines} h6 7. e3 Bd6 8. Nh3 a6 9. Bd3 Bxd3 10. Qxd3 Nc6 11. a3 $146 ({Predecessor:} 11. O-O-O) 11... Qe7 12. Bxd6 Qxd6 13. O-O-O O-O-O 14. Nf4 g5 15. Nfe2 Kb8 16. Rh3 Rhg8 17. hxg5 hxg5 18. Rdh1 Ne7 19. Na4 Ka7 20. Nc5 Ng6 21. Ng3 Rh8 22. Rxh8 Rxh8 23. Rxh8 Nxh8 24. Nh5 Qe7 25. b4 Nd7 26. Nb3 Nb6 27. Na5 Ng6 28. c4 dxc4 29. Nxc4 Nxc4 30. Qxc4 b6 31. Kd2 Qd6 32. Nf6 Kb7 33. Ne4 Qh2+ 34. Qe2 Qh4 35. a4 f5 36. Nf2 Qg3 37. Nd3 $11 Qd6 38. Qd1 Ne7 39. Qb3 Nd5 40. b5 a5 41. Ne5 fxg4 42. fxg4 Qf8 43. Ke2 Qh8 44. Qd1 Nc3+ 0-1

[Event "Irish International Open 2019"]
[Site "Dublin"]
[Date "2019.04.20"]
[Round "6.22"]
[White "Schmitz, Manuela"]
[Black "Halvorsen, Benjamin"]
[Result "1/2-1/2"]
[ECO "A80"]
[WhiteElo "1968"]
[BlackElo "1767"]
[Annotator "NA RC"]
[PlyCount "122"]
[EventDate "2019.02.28"]
[EventType "swiss"]
[EventCountry "IRL"]
[SourceTitle "playchess.com"]
[Source "ChessBase"]
[SourceQuality "1"]
[TimeControl "5400+30"]

1. d4 f5 2. Qd3 d5 3. Nf3 Nf6 4. Bf4 e6 5. Nbd2 Be7 6. h3 b6 7. Ne5 c5 8. c3 O-O 9. g4 Ne4 10. e3 Ba6 11. Qc2 Bxf1 12. Rxf1 Bh4 13. Nxe4 fxe4 14. O-O-O Nd7 15. Nxd7 Qxd7 16. Qe2 Qa4 17. Kb1 Be7 18. f3 exf3 19. Rxf3 c4 20. Rdf1 b5 21. Qc2 Qxc2+ 22. Kxc2 a5 23. Bg3 Rxf3 24. Rxf3 Ra7 25. Be1 b4 26. e4 Rb7 27. exd5 exd5 28. Rf5 Rb5 29. b3 cxb3+ 30. axb3 bxc3 31. Bxc3 g6 32. Re5 Kf7 33. Re1 Bb4 34. Re5 h6 35. h4 Be7 36. h5 Bg5 37. hxg6+ Kxg6 38. Re6+ Kg7 39. Ra6 Bd8 40. Rc6 ({White should try} 40. Ra8 $16 Bf6 41. Rxa5 Rxa5 42. Bxa5) 40... Rb6 41. Rc5 Rd6 42. Bxa5 Bf6 (42... Kg6 $16 {is a better defense.}) 43. Kd3 Kg6 (43... Bd8 $142 44. Bd2 Kg6) 44. Bd2 (44. Bc7 $18 Re6 45. Rxd5) 44... Bg5 45. Be3 $2 (45. b4 $18) 45... Bxe3 (45... Rb6 $11 46. Bxg5 Kxg5) 46. Kxe3 Kg5 47. Kf3 Kh4 {[%emt 0:00:16] [#]} 48. b4 $2 (48. Kf4 $1 $18) 48... Rf6+ 49. Kg2 Rd6 50. b5 Kxg4 51. Rc6 Rd8 52. Rxh6 Rb8 53. b6 Kf4 54. Re6 Kf5 55. Re5+ Kf4 $11 56. Rxd5 Rxb6 57. Rd8 Rb2+ 58. Kh3 Rb3+ 59. Kg2 Rd3 60. Kf2 Ke4 61. Ke2 Rxd4 1/2-1/2

[Event "Irish International Open 2019"]
[Site "Dublin"]
[Date "2019.04.20"]
[Round "6.23"]
[White "Cafolla, Peter"]
[Black "Putar, Leon"]
[Result "0-1"]
[ECO "D80"]
[WhiteElo "1949"]
[BlackElo "1549"]
[Annotator "NA"]
[PlyCount "74"]
[EventDate "2019.02.28"]
[EventType "swiss"]
[EventCountry "IRL"]
[SourceTitle "playchess.com"]
[Source "ChessBase"]
[SourceQuality "1"]
[TimeControl "5400+30"]

1. d4 Nf6 2. c4 g6 3. Nc3 d5 4. Bg5 c6 5. Bxf6 exf6 6. cxd5 {[%emt 0:00:08] D80: Grünfeld: Unusual White 4th moves and 4 Bg5} cxd5 7. e3 (7. Qb3 Nc6 8. e3 Bb4 9. Nge2 O-O 10. a3 Qa5 11. Rc1 Bxc3+ 12. Nxc3 Rd8 {1-0 (53) Martinovic,S (2554)-Deris,A (1993) Zagreb 2018}) 7... Bg7 8. Qb3 Be6 9. Qxb7 Nd7 10. Bb5 O-O 11. Bxd7 $146 ({Predecessor:} 11. Nge2 Nb6 12. Qa6 f5 13. O-O {1-0 (32) Steffen,K (2048)-Pleyer,F (1955) Bayern 2009}) 11... Rb8 12. Qc6 Bxd7 13. Qxd5 Rxb2 14. Nge2 Qe7 15. O-O Be6 16. Qa5 Bc4 17. Rfe1 Rc8 18. Rac1 Bh6 19. Ng3 f5 20. Rcd1 Qd6 21. Qxa7 f4 22. Nge4 Qb4 23. a3 Qb3 24. Qa4 Qb8 25. Nc5 fxe3 26. fxe3 Bb3 27. Nxb3 Rxc3 28. Nc5 Rxe3 29. Qc6 Bf4 30. Rxe3 Bxe3+ 31. Kh1 Bxd4 32. Qd5 Rd2 33. Rf1 Qf4 34. Rb1 Be5 35. Qa8+ Kg7 $19 36. g3 {[%emt 0:02:23] [#]} Rxh2+ $1 {[%emt 0:00:20] Remove Defender} 37. Kxh2 Qxg3+ 0-1

[Event "Irish International Open 2019"]
[Site "Dublin"]
[Date "2019.04.20"]
[Round "6.24"]
[White "Plaza Reino, Mercedes"]
[Black "Phelan, Leo"]
[Result "0-1"]
[ECO "E73"]
[WhiteElo "1927"]
[BlackElo "1708"]
[Annotator "NA"]
[PlyCount "70"]
[EventDate "2019.02.28"]
[EventType "swiss"]
[EventCountry "IRL"]
[SourceTitle "playchess.com"]
[Source "ChessBase"]
[SourceQuality "1"]
[TimeControl "5400+30"]

1. d4 Nf6 2. c4 g6 3. Nc3 Bg7 4. e4 d6 5. Be2 O-O 6. g4 c5 7. d5 e6 {[%emt 0:00:07] E73: King's Indian: Averbakh Variation without 6...c5} 8. h4 (8. g5 Nh5 9. Bxh5 gxh5 10. Qxh5 Re8 11. Nge2 exd5 12. Nxd5 Nd7 13. Ng3 Ne5 14. Nf5 Ng6 15. Nxg7 Rxe4+ {0-1 (29) Mamedyarov,S (2763)-Radjabov,T (2744) Moscow 2010}) 8... exd5 9. cxd5 Re8 10. f3 a6 11. h5 b5 12. hxg6 fxg6 13. Bh6 $146 ({Predecessor:} 13. Bg5 b4 14. Nb1 Nbd7 15. Nd2 {0-1 (34) Pejovic,M-Bajkovic,N (2143) Cetinje 2009}) 13... b4 14. Bxg7 Kxg7 15. Nb1 Nbd7 16. Qc1 Kg8 17. Qh6 a5 18. Nh3 Nf8 19. Nf4 Qe7 20. Nd2 Ra7 21. Nc4 N6d7 22. Rh2 Ne5 23. Ne3 Qf6 24. O-O-O Nf7 25. Nh5 Qe5 26. f4 Qh8 27. Nf5 Bxf5 28. Nf6+ Qxf6 29. Qh3 Bxe4 30. Rf1 Bxd5 31. f5 g5 32. Bb5 Rb8 33. Bd3 Re7 34. Qg3 $19 c4 35. Be2 Rbe8 0-1

[Event "Irish International Open 2019"]
[Site "Dublin"]
[Date "2019.04.20"]
[Round "6.25"]
[White "Jocius, Donatas"]
[Black "Scott, Luke"]
[Result "0-1"]
[ECO "A36"]
[WhiteElo "1773"]
[BlackElo "1881"]
[Annotator "NA"]
[PlyCount "70"]
[EventDate "2019.02.28"]
[EventType "swiss"]
[EventCountry "IRL"]
[SourceTitle "playchess.com"]
[Source "ChessBase"]
[SourceQuality "1"]
[TimeControl "5400+30"]

1. c4 c5 2. g3 Nf6 3. Bg2 Nc6 4. Nc3 Rb8 5. Nf3 d5 6. cxd5 Nxd5 7. Nxd5 Qxd5 8. O-O e5 9. Ng5 Qd6 10. Qb3 Nd8 11. Bd5 Ne6 12. Bxe6 fxe6 13. Ne4 Qd5 14. Qf3 Be7 15. d3 b6 16. b3 Bb7 17. Bb2 h5 18. h3 Kd7 19. Kh2 Rbf8 20. Nc3 Qxf3 21. exf3 Rxf3 22. Rad1 h4 23. g4 Rhf8 24. Rd2 Bg5 25. Re2 Bf4+ 26. Kg1 Rxh3 27. Ne4 Rxd3 28. f3 Ke7 29. Kg2 Rfd8 30. g5 Bxe4 31. fxe4 Rg3+ 32. Kh1 Rdd3 33. Rh2 h3 34. Rhf2 Rxg5 35. Bc1 Rg4 0-1

[Event "Irish International Open 2019"]
[Site "Dublin"]
[Date "2019.04.20"]
[Round "6.27"]
[White "Moran, Hugh"]
[Black "Abul Kalam, Azad Lilu"]
[Result "1/2-1/2"]
[ECO "B40"]
[WhiteElo "1522"]
[BlackElo "1951"]
[Annotator "NA RC"]
[PlyCount "27"]
[EventDate "2019.02.28"]
[EventType "swiss"]
[EventCountry "IRL"]
[SourceTitle "playchess.com"]
[Source "ChessBase"]
[SourceQuality "1"]
[TimeControl "5400+30"]

1. e4 c5 2. Nf3 e6 3. d3 Nc6 4. Nbd2 Nge7 5. g3 Ng6 6. Bg2 d5 7. O-O Be7 8. Re1 O-O 9. Qe2 Bf6 10. h4 Nge5 11. Nxe5 Bxe5 12. Nf3 Bc7 13. e5 f6 14. exf6 1/2-1/2

[Event "Irish International Open 2019"]
[Site "Dublin"]
[Date "2019.04.21"]
[Round "7.5"]
[White "Hovhannisyan, Mher"]
[Black "Li, Henry"]
[Result "1-0"]
[ECO "E62"]
[WhiteElo "2462"]
[BlackElo "2308"]
[Annotator "RC"]
[PlyCount "123"]
[EventDate "2019.02.28"]
[EventType "swiss"]
[EventCountry "IRL"]
[SourceTitle "playchess.com"]
[Source "ChessBase"]
[SourceQuality "1"]
[TimeControl "5400+30"]

1. Nf3 Nf6 2. g3 g6 3. Bg2 Bg7 4. O-O O-O 5. c4 d6 6. d4 Nc6 7. Nc3 e5 8. dxe5 dxe5 9. Bg5 Be6 10. Qa4 Qc8 11. Nd2 Bh3 12. Bxf6 Bxf6 13. Nde4 Bg7 14. Nd5 Kh8 15. Bxh3 Qxh3 16. Nxc7 Rac8 17. Nb5 Rce8 18. Nc7 Rc8 19. Nd5 Nd4 20. Rae1 b5 21. Qxa7 Ra8 22. Qe7 Rae8 23. Qg5 h6 24. Qh4 Qxh4 25. gxh4 bxc4 26. Nb6 f5 27. Nc3 e4 28. Nxc4 Rc8 29. Nb6 Rc6 30. Nbd5 Rb8 31. Rb1 g5 32. h5 Nb5 33. Ne7 Rc5 34. Nxb5 Rbxb5 35. b4 Rc4 36. a3 f4 37. Rbc1 Rxc1 38. Rxc1 Bb2 39. Rc5 Rb7 40. Ng6+ Kg7 41. a4 Ba3 42. Rc3 Bxb4 43. Rb3 Rb6 44. Kg2 Kf6 45. Kh3 Kf5 46. Ne7+ Ke6 47. Ng6 Kf5 48. f3 exf3 49. exf3 Ke6 50. Kg4 Kd5 51. a5 Rb8 52. a6 Kc4 53. Rb1 Ra8 54. Ne5+ Kc3 55. Nc6 Bd6 56. Rd1 Bc7 57. Rd7 Rxa6 58. Rxc7 Ra2 59. Rh7 Rg2+ 60. Kf5 Kd3 61. Rxh6 Ke3 62. Ne5 1-0

[Event "Irish International Open 2019"]
[Site "Dublin"]
[Date "2019.04.21"]
[Round "7.6"]
[White "De Verdier, Michael"]
[Black "Brady, Stephen"]
[Result "1/2-1/2"]
[ECO "D05"]
[WhiteElo "2306"]
[BlackElo "2301"]
[Annotator "NA"]
[PlyCount "36"]
[EventDate "2019.02.28"]
[EventType "swiss"]
[EventCountry "IRL"]
[SourceTitle "playchess.com"]
[Source "ChessBase"]
[SourceQuality "1"]
[TimeControl "5400+30"]

1. d4 d5 2. Nf3 Nf6 3. e3 e6 4. Bd3 Be7 5. O-O O-O 6. b3 c5 7. Bb2 Nc6 8. Nbd2 b6 9. a3 Bb7 10. Qe2 a5 11. Rfd1 a4 12. Bb5 axb3 13. cxb3 Na7 14. Bd3 Nc6 15. Bb5 Na7 16. Bd3 Nc6 17. dxc5 bxc5 18. e4 Bc8 1/2-1/2

[Event "Irish International Open 2019"]
[Site "Dublin"]
[Date "2019.04.21"]
[Round "7.8"]
[White "Schut, Han"]
[Black "Jackson, James P"]
[Result "0-1"]
[ECO "C56"]
[WhiteElo "2173"]
[BlackElo "2388"]
[Annotator "NA"]
[PlyCount "134"]
[EventDate "2019.02.28"]
[EventType "swiss"]
[EventCountry "IRL"]
[SourceTitle "playchess.com"]
[Source "ChessBase"]
[SourceQuality "1"]
[TimeControl "5400+30"]

1. e4 e5 2. Nf3 Nc6 3. Bc4 Nf6 4. d4 exd4 5. e5 d5 6. Bb5 Ne4 7. Nxd4 Bc5 8. Be3 O-O 9. Nxc6 bxc6 10. Bxc5 Nxc5 11. Bxc6 Rb8 12. Qxd5 Qe7 13. O-O Rxb2 14. Nc3 Rd8 15. Qf3 Ne6 16. Qe3 Rxc2 17. Rfc1 Rcd2 18. Ne4 R2d3 19. Qe1 Nd4 20. Ng3 Nxc6 21. Rxc6 Bb7 22. Rc3 R3d5 23. Re3 Re8 24. Rb1 Ba8 25. f4 Qc5 26. Kh1 Red8 27. h3 Qc2 28. Re2 Qa4 29. Qf2 Rd3 30. Kh2 Qd4 31. Nf5 Qxf2 32. Rxf2 Be4 33. Nh4 Rxh3+ 34. Kxh3 Bxb1 35. Nf3 Be4 36. Nd2 Bd5 37. Nf1 Kf8 38. Rc2 Rd7 39. Ne3 Be4 40. Rc4 Bb1 41. Kg3 Ke8 42. Ra4 c6 43. Nc4 Ke7 44. Nd6 Rc7 45. Rb4 Bxa2 46. Nf5+ Ke6 47. Nxg7+ Kd5 48. Nf5 c5 49. Ra4 Bb3 50. Ne3+ Kc6 51. Ra6+ Kb5 52. Rf6 a5 53. Nf5 a4 54. Nd6+ Kb4 55. f5 a3 56. Nxf7 Bxf7 57. Rb6+ Ka5 58. Rb8 Bd5 59. Rb1 a2 60. Ra1 Rg7+ 61. Kf4 Rxg2 62. e6 Re2 63. Kg5 Kb4 64. Kf6 Kb3 65. Rd1 Bxe6 66. fxe6 Kb2 67. e7 Rxe7 0-1

[Event "Irish International Open 2019"]
[Site "Dublin"]
[Date "2019.04.21"]
[Round "7.9"]
[White "Fitzsimons, David"]
[Black "Han, Yichen"]
[Result "0-1"]
[ECO "B50"]
[WhiteElo "2299"]
[BlackElo "2190"]
[Annotator "NA"]
[PlyCount "144"]
[EventDate "2019.02.28"]
[EventType "swiss"]
[EventCountry "IRL"]
[SourceTitle "playchess.com"]
[Source "ChessBase"]
[SourceQuality "1"]
[TimeControl "5400+30"]

1. e4 c5 2. Nf3 d6 3. c3 Nf6 4. Be2 Nc6 5. d4 cxd4 6. cxd4 e6 7. Nc3 Be7 8. Be3 d5 9. e5 Nd7 10. Bd3 f6 11. exf6 Nxf6 12. O-O O-O 13. h3 Bd6 14. Rc1 Qe8 15. Re1 Qh5 16. a3 a6 17. b4 Bd7 18. Na4 e5 19. Be2 exd4 20. Nxd4 Qg6 21. Kh1 Ne4 22. Nf3 d4 23. Bxd4 Nxd4 24. Qxd4 Nxf2+ 25. Qxf2 Bxa4 26. Bc4+ Kh8 27. Re6 Qg3 28. Qxg3 Be5 29. Qf4 Bxf4 30. Bd5 Bg3 31. Rf1 Rac8 32. Rc1 Bb5 33. Rb1 Rc7 34. Rb6 Rfc8 35. Bxb7 Rb8 36. a4 Bxa4 37. Ra1 Bb5 38. Bxa6 Rxb6 39. Bxb5 g6 40. Bf1 Rxb4 41. Ng5 Rcb7 42. Kg1 Kg7 43. Ra3 Rb3 44. Ra6 Rb1 45. Ra3 Bd6 46. Rf3 Re1 47. Kf2 Re5 48. h4 h6 49. Nh3 Rf7 50. Rxf7+ Kxf7 51. Bd3 Ra5 52. Be2 Ra3 53. Bf3 Kf6 54. g4 Ra2+ 55. Be2 Bg3+ 56. Kxg3 Rxe2 57. Kf4 Ra2 58. g5+ hxg5+ 59. Nxg5 Ra4+ 60. Kg3 Kf5 61. Nf7 Ra3+ 62. Kg2 Kg4 63. Ne5+ Kh5 64. Kf2 Ra4 65. Nf3 Rf4 66. Kg3 Rxf3+ 67. Kxf3 Kxh4 68. Kf2 Kh3 69. Kf3 g5 70. Kf2 g4 71. Kg1 Kg3 72. Kh1 Kf2 0-1

[Event "Irish International Open 2019"]
[Site "Dublin"]
[Date "2019.04.21"]
[Round "7.10"]
[White "Burns-Mannion, Stephen"]
[Black "Menzies, Colin"]
[Result "1/2-1/2"]
[ECO "B12"]
[WhiteElo "2285"]
[BlackElo "2183"]
[Annotator "NA"]
[PlyCount "85"]
[EventDate "2019.02.28"]
[EventType "swiss"]
[EventCountry "IRL"]
[SourceTitle "playchess.com"]
[Source "ChessBase"]
[SourceQuality "1"]
[TimeControl "5400+30"]

1. e4 c6 2. d4 d5 3. e5 Bf5 4. Nf3 e6 5. Be2 c5 6. Be3 Nd7 7. O-O c4 8. b3 b5 9. a4 a6 10. axb5 axb5 11. Rxa8 Qxa8 12. Nh4 Bg6 13. Nc3 Qc6 14. Nxg6 hxg6 15. Qa1 Bb4 16. bxc4 bxc4 17. Rb1 Bxc3 18. Qxc3 Ne7 19. Qa3 f6 20. Bf4 Kf7 21. g4 g5 22. Bg3 Ra8 23. Qe3 Qa4 24. c3 Ng6 25. Kg2 Qc2 26. Rb7 Ke7 27. Bf3 Qd3 28. Qe1 f5 29. gxf5 Qxf5 30. h3 Nh4+ 31. Bxh4 gxh4 32. Qd2 Rf8 33. Bg4 Qe4+ 34. f3 Qf4 35. Qxf4 Rxf4 36. Kf2 Rf8 37. Ke3 Ra8 38. f4 g6 39. Rb2 Ra1 40. Kd2 Rf1 41. Ke3 Rc1 42. Kd2 Rf1 43. Ke3 1/2-1/2

[Event "Irish International Open 2019"]
[Site "Dublin"]
[Date "2019.04.21"]
[Round "7.11"]
[White "Doyle, Hugh"]
[Black "Pulkkinen, Kari"]
[Result "1/2-1/2"]
[ECO "A37"]
[WhiteElo "2042"]
[BlackElo "2265"]
[Annotator "NA"]
[PlyCount "100"]
[EventDate "2019.02.28"]
[EventType "swiss"]
[EventCountry "IRL"]
[SourceTitle "playchess.com"]
[Source "ChessBase"]
[SourceQuality "1"]
[TimeControl "5400+30"]

1. Nf3 c5 2. g3 Nc6 3. c4 g6 4. Bg2 Bg7 5. O-O d6 6. Nc3 e6 7. e3 Nge7 8. d4 O-O 9. dxc5 dxc5 10. Qe2 a6 11. Rd1 Qc7 12. Bd2 Rb8 13. Ne4 b6 14. Bc3 e5 15. Nd6 Bg4 16. Ne4 h6 17. h3 Bxf3 18. Qxf3 f5 19. Nd2 e4 20. Qe2 Bxc3 21. bxc3 Qe5 22. Rac1 Rbd8 23. Nb1 Qe6 24. f4 exf3 25. Bxf3 Ne5 26. Na3 Nxf3+ 27. Qxf3 Rfe8 28. Kf2 Nc6 29. Rxd8 Rxd8 30. Rd1 Rxd1 31. Qxd1 Kf7 32. Qd5 Ne7 33. Qxe6+ Kxe6 34. Nb1 Nc8 35. Nd2 Nd6 36. a4 Ke5 37. Kf3 g5 38. g4 Kf6 39. Kg3 fxg4 40. hxg4 Kg6 41. e4 Kf6 42. Kf2 Ke6 43. Ke2 a5 44. Kf2 Ne8 45. Nf1 Nf6 46. Kf3 Ke5 47. Ng3 Ne8 48. Nf5 Nd6 49. Nxd6 Kxd6 50. Kg3 Ke5 1/2-1/2

[Event "Irish International Open 2019"]
[Site "Dublin"]
[Date "2019.04.21"]
[Round "7.12"]
[White "Horvath, Gabor"]
[Black "Reprun, Nadejda"]
[Result "1/2-1/2"]
[ECO "B12"]
[WhiteElo "2252"]
[BlackElo "1995"]
[Annotator "NA"]
[PlyCount "40"]
[EventDate "2019.02.28"]
[EventType "swiss"]
[EventCountry "IRL"]
[SourceTitle "playchess.com"]
[Source "ChessBase"]
[SourceQuality "1"]
[TimeControl "5400+30"]

1. e4 c6 2. d4 d5 3. e5 c5 4. Nf3 e6 5. c3 Nc6 6. Bd3 Nge7 7. O-O Ng6 8. g3 Bd7 9. Re1 Qb6 10. dxc5 Bxc5 11. Re2 O-O 12. b4 Be7 13. b5 Na5 14. a4 Rac8 15. h4 f6 16. Be3 Bc5 17. Bxc5 Qxc5 18. Raa2 Nc4 19. Bxg6 hxg6 20. Qd3 Nxe5 1/2-1/2

[Event "Irish International Open 2019"]
[Site "Dublin"]
[Date "2019.04.21"]
[Round "7.13"]
[White "Buonanno, Raffaele"]
[Black "Thorarinsson, Pall A."]
[Result "1/2-1/2"]
[ECO "D20"]
[WhiteElo "2091"]
[BlackElo "2246"]
[Annotator "NA"]
[PlyCount "56"]
[EventDate "2019.02.28"]
[EventType "swiss"]
[EventCountry "IRL"]
[SourceTitle "playchess.com"]
[Source "ChessBase"]
[SourceQuality "1"]
[TimeControl "5400+30"]

1. d4 d5 2. c4 dxc4 3. e4 Nf6 4. e5 Nd5 5. Bxc4 Nb6 6. Bd3 Nc6 7. Ne2 Be6 8. b3 Nb4 9. Be4 Bd5 10. Nbc3 Bxe4 11. Nxe4 e6 12. O-O Be7 13. Bb2 N4d5 14. Qd3 O-O 15. f4 Rc8 16. f5 exf5 17. Rxf5 g6 18. Rf3 f5 19. exf6 Nxf6 20. Nc5 Bxc5 21. dxc5 Qxd3 22. Rxd3 Nbd5 23. Rf1 c6 24. a3 Ne4 25. Rxf8+ Rxf8 26. Bd4 Re8 27. Kf1 a6 28. g3 Rf8+ 1/2-1/2

[Event "Irish International Open 2019"]
[Site "Dublin"]
[Date "2019.04.21"]
[Round "7.14"]
[White "Murray, David"]
[Black "Duffy, Seamus"]
[Result "1-0"]
[ECO "C60"]
[WhiteElo "2152"]
[BlackElo "1921"]
[Annotator "NA"]
[PlyCount "113"]
[EventDate "2019.02.28"]
[EventType "swiss"]
[EventCountry "IRL"]
[SourceTitle "playchess.com"]
[Source "ChessBase"]
[SourceQuality "1"]
[TimeControl "5400+30"]

1. e4 e5 2. Nf3 Nc6 3. Bb5 Nge7 4. Nc3 Ng6 5. d4 exd4 6. Nxd4 Bb4 7. O-O Bxc3 8. bxc3 O-O 9. Qh5 Qh4 10. Qxh4 Nxh4 11. Bf4 Nxd4 12. cxd4 d6 13. Rab1 Ng6 14. Bg3 a6 15. Bd3 Ne7 16. e5 d5 17. f4 f5 18. Be1 b5 19. Ba5 c6 20. Kf2 Be6 21. Ke3 h5 22. Be2 g6 23. Kd3 Rfc8 24. Bb4 Kf7 25. a4 Rcb8 26. axb5 cxb5 27. Ra1 Nc6 28. Bd6 Rb7 29. Rfb1 a5 30. c3 Nd8 31. Bf3 Ke8 32. Rb2 Nf7 33. Bc5 a4 34. Kd2 Rab8 35. Rab1 Kd7 36. c4 Kc6 37. cxb5+ Rxb5 38. Rxb5 Rxb5 39. Ra1 Ra5 40. Kc3 Nd8 41. Bd1 a3 42. Kb4 Rb5+ 43. Kxa3 Ra5+ 44. Ba4+ Kc7 45. Rb1 Ra6 46. Bd6+ Rxd6 47. exd6+ Kxd6 48. Kb4 Bf7 49. Ka5 Ke7 50. g3 Ne6 51. Rb7+ Kf6 52. Rb6 g5 53. Bd7 gxf4 54. gxf4 Ke7 55. Bxe6 Bxe6 56. Kb4 Bf7 57. Kc5 1-0

[Event "Irish International Open 2019"]
[Site "Dublin"]
[Date "2019.04.21"]
[Round "7.15"]
[White "Phelan, Leo"]
[Black "Moran, Stephen"]
[Result "0-1"]
[ECO "B48"]
[WhiteElo "1708"]
[BlackElo "2165"]
[Annotator "NA"]
[PlyCount "62"]
[EventDate "2019.02.28"]
[EventType "swiss"]
[EventCountry "IRL"]
[SourceTitle "playchess.com"]
[Source "ChessBase"]
[SourceQuality "1"]
[TimeControl "5400+30"]

1. e4 c5 2. Nf3 e6 3. d4 cxd4 4. Nxd4 Nc6 5. Nc3 Qc7 6. Be3 a6 7. f4 Bb4 8. Qd2 Nf6 9. Bd3 Na5 10. Nde2 Nc4 11. Qc1 Nxe3 12. Qxe3 b5 13. O-O-O Bb7 14. Kb1 d6 15. Rhg1 Bc5 16. Qg3 Bxg1 17. Qxg7 Ke7 18. Nxg1 Rhg8 19. Qh6 b4 20. Na4 Qa5 21. f5 Qxa4 22. Rf1 e5 23. Nf3 Rxg2 24. Ng5 Rxg5 25. Qxg5 Qc6 26. b3 Qc5 27. Re1 a5 28. Bc4 Rg8 29. Qh4 Rg4 30. Qh6 a4 31. h3 Rg1 0-1

[Event "Irish International Open 2019"]
[Site "Dublin"]
[Date "2019.04.21"]
[Round "7.16"]
[White "Lundback, Anders"]
[Black "Melaugh, Shane"]
[Result "0-1"]
[ECO "A84"]
[WhiteElo "1806"]
[BlackElo "2105"]
[Annotator "NA"]
[PlyCount "66"]
[EventDate "2019.02.28"]
[EventType "swiss"]
[EventCountry "IRL"]
[SourceTitle "playchess.com"]
[Source "ChessBase"]
[SourceQuality "1"]
[TimeControl "5400+30"]

1. d4 e6 2. c4 f5 3. Nc3 Nf6 4. Nf3 Bb4 5. Bd2 b6 6. g3 Bb7 7. Bg2 O-O 8. O-O d6 9. Qb3 Bxc3 10. Bxc3 Nbd7 11. Rfd1 Qe8 12. a4 Qh5 13. a5 g5 14. Bb4 Ne4 15. a6 Bc6 16. d5 Ndc5 17. Bxc5 Nxc5 18. Qe3 f4 19. Qc3 Bd7 20. b4 Ne4 21. Qd3 Nf6 22. dxe6 Bc6 23. e7 Rf7 24. Nxg5 Bd5 25. Bf3 Bxf3 26. Nxf7 Be4 27. Qd4 Kxf7 28. f3 fxg3 29. hxg3 Rg8 30. Kg2 Qg5 31. e8=Q+ Kxe8 32. fxe4 Qxg3+ 33. Kf1 Ng4 0-1

[Event "Irish International Open 2019"]
[Site "Dublin"]
[Date "2019.04.21"]
[Round "7.17"]
[White "Putar, Leon"]
[Black "Fox, Anthony"]
[Result "1/2-1/2"]
[ECO "C58"]
[WhiteElo "1549"]
[BlackElo "2031"]
[Annotator "NA"]
[PlyCount "47"]
[EventDate "2019.02.28"]
[EventType "swiss"]
[EventCountry "IRL"]
[SourceTitle "playchess.com"]
[Source "ChessBase"]
[SourceQuality "1"]
[TimeControl "5400+30"]

1. e4 e5 2. Nf3 Nc6 3. Bc4 Nf6 4. Ng5 d5 5. exd5 Na5 6. d3 h6 7. Nf3 e4 8. Qe2 Nxc4 9. dxc4 Bd6 10. h3 O-O 11. Nd4 Re8 12. O-O Qe7 13. Nb5 Be5 14. c3 Bd7 15. Nd4 c6 16. dxc6 bxc6 17. Be3 c5 18. Nb3 Bd6 19. Rd1 Rad8 20. N1d2 Bc6 21. Nf1 Nd7 22. Rd2 f5 23. Rad1 Bc7 24. Qh5 1/2-1/2

[Event "Irish International Open 2019"]
[Site "Dublin"]
[Date "2019.04.21"]
[Round "7.18"]
[White "Daly, Colm"]
[Black "Schmitz, Manuela"]
[Result "1-0"]
[ECO "C18"]
[WhiteElo "2278"]
[BlackElo "1968"]
[Annotator "NA"]
[PlyCount "69"]
[EventDate "2019.02.28"]
[EventType "swiss"]
[EventCountry "IRL"]
[SourceTitle "playchess.com"]
[Source "ChessBase"]
[SourceQuality "1"]
[TimeControl "5400+30"]

1. e4 e6 2. d4 d5 3. Nc3 Bb4 4. e5 c5 5. a3 Bxc3+ 6. bxc3 Qc7 7. Nf3 Bd7 8. a4 Ne7 9. h4 Nbc6 10. h5 h6 11. Bd2 O-O-O 12. Bb5 c4 13. O-O g5 14. Nh2 f5 15. exf6 Ng8 16. Ng4 Rf8 17. Bxc6 Bxc6 18. f4 Nxf6 19. Nxf6 Rxf6 20. Qg4 gxf4 21. Bxf4 Qe7 22. Be5 Rxf1+ 23. Rxf1 Re8 24. a5 Ba4 25. Qg6 Qg5 26. Qxg5 hxg5 27. Rf7 Bxc2 28. Rc7+ Kd8 29. Rxb7 Re7 30. a6 Ke8 31. Kh2 g4 32. Kg3 Bf5 33. Kh4 Kf7 34. g3 Ke8 35. Kg5 1-0